 Dungeon Crawl Stone Soup version 0.29-a0-821-g6639535 (webtiles) character file.

Game seed: 3762943514352170949

839 PurpleRed the Thaumaturge (level 7, -1/40 HPs)
             Began as a Deep Elf Brigand on July 7, 2022.
             Was an Initiate of Vehumet.
             Slain by a gnoll
             ... wielding a +0 spear
             ... led by a gnoll bouda
              (4 damage)
             ... on level 7 of the Dungeon.
             The game lasted 00:17:13 (2100 turns).

PurpleRed the Thaumaturge (Deep Elf Brigand)        Turns: 2100, Time: 00:17:13

Health: -1/40      AC: 14    Str:  8    XL:     7   Next: 67%
Magic:  22/22      EV: 10    Int: 18    God:    Vehumet [......]
Gold:   268        SH:  0    Dex: 16    Spells: 26/26 levels left

rFire   . . .      SeeInvis .   p - +7 hand axe "Zeppotor" {flame, Fly rElec}
rCold   . . .      Faith    +   (no shield)
rNeg    . . .      Spirit   .   o - +0 ring mail
rPois   .          Reflect  .   (no helmet)
rElec   +          Harm     .   c - +0 cloak
rCorr   .          Rampage  .   (no gloves)
Will    .....                   i - +1 pair of boots
Stlth   ++........              g - amulet of faith
HPRegen 0.13/turn               (no ring)
MPRegen 0.18/turn               (no ring)

@: flying
A: iridescent scales 3
a: Renounce Religion


You were on level 7 of the Dungeon.
You worshipped Vehumet.
Vehumet was noncommittal.
You visited 2 branches of the dungeon, and saw 8 of its levels.
You also visited: Ossuary.

You collected 268 gold pieces.

Inventory:

Hand Weapons
 a - a +3 dagger
 p - the +7 hand axe "Zeppotor" (weapon) {flame, Fly rElec}
   (You found it on level 6 of the Dungeon)

   It burns those it strikes, dealing additional fire damage.
   Big, fiery blades are also staple armaments of hydra-hunters.
   rElec:     It insulates you from electricity.
   Fly:       It grants you flight.
Missiles
 d - 7 poisoned darts (quivered)
 e - a curare-tipped dart
 k - 5 atropa-tipped darts
Armour
 b - a +0 robe
 c - a +0 cloak (worn)
 i - a +1 pair of boots (worn)
 n - a +0 leather armour
 o - a +0 ring mail (worn)
Jewellery
 f - a ring of fire
 g - an amulet of faith (around neck)
Scrolls
 r - a scroll of blinking
 t - a scroll of fear
 y - a scroll of immolation
 z - a scroll of teleportation
Potions
 h - a potion of mutation
 j - 2 potions of lignification
 l - a potion of magic
 m - 3 potions of flight
 q - a potion of haste
 s - a potion of curing
 u - a potion of attraction
 v - 3 potions of might
 w - a potion of heal wounds {unknown}
 x - a potion of degeneration {unknown}
 A - a potion of cancellation {unknown}


   Skills:
 + Level 2.6 Fighting
 - Level 2.1 Short Blades
 - Level 2.0 Throwing
 + Level 2.8 Dodging
 - Level 4.8 Stealth
 - Level 10.2 Spellcasting


You had 26 spell levels left.
You didn't know any spells.
Your spell library contained the following spells:

 Spells                   Type           Power      Damage    Failure   Level
 Beastly Appendage        Tmut           18%        N/A       24%         1
 Sublimation of Blood     Necr           9%         N/A       36%         2
 Wereblood                Tmut           9%         N/A       36%         2
 Dazzling Flash           Conj/Hex       18%        N/A       58%         3
 Spider Form              Tmut/Pois      9%         N/A       58%         3
 Agony                    Necr           9%         N/A       100%        5
 Silence                  Hex/Air        4%         N/A       100%        5
 Summon Hydra             Summ           4%         N/A       100%        7


Dungeon Overview and Level Annotations

Branches:
Dungeon (7/15)             Temple (1/1) D:6         Ossuary (visited)

Altars:
Ashenzari
Elyvilon
Kikubaaqudgha
Makhleb
Okawaru
Sif Muna
Vehumet
Wu Jian
Yredelemnul
Zin
The Shining One
Ignis

Shops:
D:6 (


Innate Abilities, Weirdness & Mutations

You are completely covered in iridescent scales. (AC +6)


Message History

A gnoll bouda comes into view. It is wielding a +0 whip.
You see here a poisoned dart.
d - 10 poisoned darts (gained 1)
The gnoll bouda barks out a call to the hunt!
The gnoll picks up the pace!
You hear a shout!
Throw: 10 darts (poison)
Press: ? - help, Q - select action, (/) - cycle Shift-Dir - straight line, f - gnoll
Aim: a gnoll, wielding a +0 spear (covering ground quickly, 65% to hit)
You throw a poisoned dart. The poisoned dart hits the gnoll.
The gnoll is poisoned.
The gnoll barely misses you.
Throw: 9 darts (poison)
Press: ? - help, Q - select action, (/) - cycle Shift-Dir - straight line, f/p - gnoll
Aim: a gnoll, wielding a +0 spear (covering ground quickly, poisoned, 65% to hit)
You throw a poisoned dart. The poisoned dart hits the gnoll.
The gnoll looks even sicker.
Throw: 8 darts (poison)
Press: ? - help, Q - select action, (/) - cycle Shift-Dir - straight line, f/p - gnoll
Aim: a gnoll, wielding a +0 spear (covering ground quickly, very poisoned, 65% to hit)
You throw a poisoned dart. The poisoned dart hits the gnoll.
The gnoll looks even sicker.
The gnoll hits you from afar with a +0 spear!
A gnoll comes into view. It is wielding a +0 spear.
The gnoll barely misses you.
There is an open door here.
The gnoll bouda calls upon its god to heal the gnoll.
The gnoll's wounds heal themselves!
The gnoll hits you but does no damage.
Things that are here:
a +0 club; a gnoll corpse An iguana comes into view.
The gnoll hits you from afar with a +0 spear.
* * * LOW HITPOINT WARNING * * *
The iguana hisses angrily.
The gnoll hits you but does no damage. The iguana attacks as you move away!
The iguana bites you!
* * * LOW HITPOINT WARNING * * *
The gnoll hits you with a +0 spear.
You die...

#. #. #. ###.. #.
...... ## #.## ###...
.# #... ......##.# ..#
#......# #.# #.# #l.#
#.#####.# #@.#
#<......###g.#####
######...........#
######)##########
.......).g##8###8##.##
#########.'..(gg..(?..
####8###8##.## ### #


You could see an iguana and a gnoll (swift, poisoned).

Vanquished Creatures
  2 black bears
  A phantom (D:5)
  A scorpion (D:6)
  2 water moccasin zombies
  A bullfrog zombie (D:4)
  3 hounds
  A human zombie (D:4)
  A jelly (D:6)
  An orc priest (D:6)
  2 iguanas
  A hound zombie (D:4)
  2 mummies (Ossuary)
  2 gnolls (D:7)
  3 adders
  5 adder zombies (Ossuary)
  2 orcs
  A ball python (D:1)
  A bat (D:1)
  2 endoplasms
  2 giant cockroaches (D:2)
  5 goblins
  2 hobgoblins
  8 jackals
  A kobold (D:3)
  2 quokkas
  3 frilled lizards (D:1)
  A gnoll zombie (Ossuary)
  5 hobgoblin zombies (Ossuary)
  4 kobold zombies (Ossuary)
  3 orc zombies (Ossuary)
70 creatures vanquished.

Notes
Turn   | Place    | Note
-------+----------+-------------------------------------------
     0 | D:1      | PurpleRed the Deep Elf Brigand began the quest for the Orb.
     0 | D:1      | Reached XP level 1. HP: 12/12 MP: 3/3
    94 | D:1      | Reached skill level 1 in Spellcasting
   216 | D:1      | Reached XP level 2. HP: 8/17 MP: 4/6
   245 | D:1      | Reached skill level 2 in Spellcasting
   294 | D:2      | Found a faded altar of an unknown god.
   372 | D:2      | Reached skill level 3 in Spellcasting
   408 | D:2      | Reached XP level 3. HP: 7/21 MP: 9/9
   697 | D:5      | Entered Level 5 of the Dungeon
   727 | D:5      | Reached skill level 4 in Spellcasting
   727 | D:5      | Reached XP level 4. HP: 23/26 MP: 10/12
   752 | D:5      | Reached skill level 5 in Spellcasting
   793 | D:5      | Noticed a phantom
   802 | D:5      | Killed a phantom
   803 | D:5      | Reached skill level 6 in Spellcasting
   803 | D:5      | Reached XP level 5. HP: 24/30 MP: 14/16
   937 | D:5      | Reached skill level 7 in Spellcasting
  1097 | D:4      | Noticed a black bear
  1120 | D:4      | Killed a black bear
  1121 | D:4      | Reached XP level 6. HP: 25/35 MP: 16/18
  1155 | D:4      | Found an ancient bone altar of Kikubaaqudgha.
  1174 | D:4      | Reached skill level 8 in Spellcasting
  1251 | D:4      | Gained mutation: You are partially covered in iridescent
                  | scales. (AC +2) [potion of mutation]
  1251 | D:4      | Gained mutation: You are mostly covered in iridescent
                  | scales. (AC +4) [potion of mutation]
  1251 | D:4      | Gained mutation: You are completely covered in iridescent
                  | scales. (AC +6) [potion of mutation]
  1354 | D:6      | Found a sand-covered staircase.
  1356 | D:6      | Reached skill level 9 in Spellcasting
  1366 | D:6      | Reached XP level 7. HP: 35/40 MP: 21/21
  1440 | Ossuary  | Entered an ossuary
  1533 | Ossuary  | Reached skill level 10 in Spellcasting
  1727 | D:6      | Found Zoihaekhli's Antique Weapon Shop.
  1810 | D:6      | Found a staircase to the Ecumenical Temple.
  1820 | D:6      | Identified the +7 hand axe "Zeppotor" {flame, Fly rElec}
  1828 | Temple   | Entered the Ecumenical Temple
  1854 | Temple   | Became a worshipper of Vehumet
  1867 | D:6      | Found a glowing golden altar of the Shining One.
  1925 | D:7      | Noticed a wyvern
  2100 | D:7      | Slain by a gnoll

Illustrated notes

Levels and vault maps discovered:
D:1:      dpeg_arrival_boxes_within_box, layout_loops_ring, serial_glass,
          glass_columns_a, glass_columns_c
D:2:      layout_basic, basic_ecumenical_altar
D:3:      layout_loops_ring
D:4:      layout_loops_ring, lemuel_mausoleum_altar_kikubaaqudgha,
          corexii_item_surrounded_by_moat
D:5:      layout_loops_ring, nemelex_spade_bored_becter,
          mainiacjoe_overflow_surrounded_room,
          nicolae_concentric_dashed_squares_mild, kennysheep_minor_cross
D:6:      layout_rooms, mainiacjoe_overflow_cross_hatched,
          minmay_temple_entry_offerings, serial_shops, shop, enter_ossuary_1
D:7:      layout_loops_ring, dk_noncrumbling_2, nicolae_wooded_promenade
Temple:   ebering_untended_altars

Skill      XL: |  1  2  3  4  5  6  7 |
---------------+----------------------+-----
Spellcasting   | 1 3 4 6 7 9 10 | 10.2
Fighting       | 2 |  2.6
Dodging        | 2 |  2.8
Short Blades   | |  2.1
Throwing       | |  2.0
Stealth        | |  4.8

Action                   |  1- 3 |  4- 6 |  7- 9 || total
-------------------------+-------+-------+-------++-------
Melee: Dagger            |    64 |   102 |   144 ||   310
       Punch             |       |     2 |     4 ||     6
       Hand axe          |       |       |    19 ||    19
Throw: Dart              |    36 |    13 |    11 ||    60
Evoke: Wand              |       |     7 |       ||     7
  Use: Potion            |     1 |     5 |     2 ||     8
       Scroll            |     3 |       |    10 ||    13
 Stab: Sleeping          |     1 |     2 |     4 ||     7
       Distracted        |       |     1 |       ||     1
Armor: Robe              |    18 |       |       ||    18
       Leather armour    |       |     6 |       ||     6
       Ring mail         |       |    30 |    58 ||    88
       Skin              |       |     7 |    22 ||    29
Dodge: Dodged            |    45 |    64 |    55 ||   164

Table legend: (Time is in decaauts)
 A = Elapsed time spent in this place.
 B = Non-inter-level travel time spent in this place.
 C = Inter-level travel time spent in this place.
 D = Time resting spent in this place.
 E = Time spent auto-exploring this place.
 F = Levels seen in this place.
 G = Mean time per level.
                   A        B        C        D        E       F      G
               +--------+--------+--------+--------+--------+-----+--------+
         Total |   2048 |   2015 |     33 |     43 |      0 |   9 |  227.6 |
       Dungeon |   1788 |   1755 |     33 |     43 |      0 |   7 |  255.4 |
        Temple |     36 |     36 |      0 |      0 |      0 |   1 |   36.0 |
       Ossuary |    222 |    222 |      0 |      0 |      0 |   1 |  222.0 |
               +--------+--------+--------+--------+--------+-----+--------+

Top non-repeatable levels by time:
     D:6: 412 daAuts
     D:4: 366 daAuts
     D:2: 284 daAuts
     D:5: 277 daAuts
     D:1: 247 daAuts
 Ossuary: 222 daAuts
     D:3: 138 daAuts
     D:7: 62 daAuts
  Temple: 36 daAuts
